[Event "Nordic Chess-ch 2019"]
[Site "Sarpsborg"]
[Date "2019.06.24"]
[Round "5.32"]
[White "Store, Trond"]
[Black "Holst, Conny"]
[Result "1-0"]
[ECO "D36"]
[WhiteElo "2100"]
[BlackElo "2197"]
[Annotator "NA"]
[PlyCount "79"]
[EventDate "2019.06.21"]
[EventType "swiss"]
[EventCountry "NOR"]
[SourceTitle "playchess.com"]
[Source "ChessBase"]
[SourceQuality "1"]
[TimeControl "40/5400+30:1800+30"]

1. Nf3 Nf6 2. c4 e6 3. Nc3 d5 4. d4 Be7 5. Bg5 O-O 6. e3 c6 7. Qc2 Nbd7 8. cxd5 exd5 9. Bd3 Re8 10. O-O h6 11. Bf4 Nf8 12. h3 Bd6 13. Be5 Bxe5 14. Nxe5 c5 15. Bb5 Re6 16. a4 c4 17. a5 a6 18. Ba4 b5 19. axb6 Qxb6 20. b3 Bb7 21. bxc4 dxc4 22. Nxc4 Qc7 23. Ne5 Rc8 24. Rfc1 Qd8 25. Qa2 Re7 26. Bb3 Ne6 27. Bc4 Ng5 28. f4 Rxe5 29. dxe5 Nfe4 30. fxg5 Nxg5 31. Bf1 Nxh3+ 32. gxh3 Qg5+ 33. Bg2 Rc6 34. e4 Qxe5 35. Nd5 Rg6 36. Re1 Bc8 37. Qa3 Rg3 38. Qc5 Rxg2+ 39. Kxg2 Qg5+ 40. Kh1 1-0

[Event "Nordic Chess-ch 2019"]
[Site "Sarpsborg"]
[Date "2019.06.24"]
[Round "5.33"]
[White "Larsen, Bjorn"]
[Black "Dogani, Avduraim"]
[Result "0-1"]
[ECO "C53"]
[WhiteElo "1680"]
[BlackElo "2107"]
[Annotator "ChessBase"]
[PlyCount "108"]
[EventDate "2019.06.21"]
[EventType "swiss"]
[EventCountry "NOR"]
[SourceTitle "playchess.com"]
[Source "ChessBase"]
[SourceQuality "1"]
[TimeControl "40/5400+30:1800+30"]

1. e4 e5 2. Nf3 Nc6 3. Bc4 Bc5 4. c3 d6 5. b4 Bb6 6. a4 a5 7. b5 Nce7 8. Qb3 Nh6 9. d4 f6 10. Bxh6 gxh6 11. Bf7+ Kf8 12. Bh5 Ng6 13. Nh4 Qe8 14. dxe5 fxe5 15. Nf5 Qe6 16. Qxe6 Bxe6 17. g3 Bxf5 18. exf5 Ne7 19. Bf3 Rb8 20. g4 h5 21. h3 Kg7 22. Nd2 d5 23. g5 Nxf5 24. Bxd5 Rbd8 25. Be4 Nd6 26. Bg2 Rhf8 27. O-O Rf4 28. Rae1 Rdf8 29. Nf3 Rxf3 30. Bxf3 Rxf3 31. Rxe5 Rxh3 32. Rfe1 Nf7 33. Rf5 Rg3+ 34. Kf1 Rxg5 35. Rxg5+ Nxg5 36. f3 Nxf3 37. Re7+ Kg6 38. Kg2 Ng5 39. c4 h4 40. Re5 h3+ 41. Kh1 Bf2 42. Re7 Bg3 43. c5 b6 44. cxb6 cxb6 45. Re3 Bf4 46. Rd3 Kf5 47. Rc3 Ne4 48. Rb3 Nf2+ 49. Kg1 h2+ 50. Kxf2 h1=Q 51. Rc3 Kg4 52. Rc6 Qh2+ 53. Kf1 Kf3 54. Rc3+ Be3 0-1

[Event "Nordic Chess-ch 2019"]
[Site "Sarpsborg"]
[Date "2019.06.24"]
[Round "5.34"]
[White "Andersen, Dag"]
[Black "Hauge, Tor Arne"]
[Result "0-1"]
[ECO "E91"]
[WhiteElo "1817"]
[BlackElo "2022"]
[Annotator "NA"]
[PlyCount "120"]
[EventDate "2019.06.21"]
[EventType "swiss"]
[EventCountry "NOR"]
[SourceTitle "playchess.com"]
[Source "ChessBase"]
[SourceQuality "1"]
[TimeControl "40/5400+30:1800+30"]

1. d4 Nf6 2. c4 g6 3. Nc3 Bg7 4. e4 d6 5. Nf3 O-O 6. Be2 c6 7. O-O Bg4 8. Be3 Nfd7 9. Ng5 Bxe2 10. Qxe2 e6 11. f4 h6 12. Nh3 f5 13. e5 d5 14. cxd5 cxd5 15. Nb5 Nb6 16. b3 a6 17. Nd6 Qd7 18. Rac1 Nc8 19. Nxc8 Rxc8 20. Rxc8+ Qxc8 21. Rc1 Qd7 22. Nf2 Nc6 23. Nd3 Bf8 24. g4 fxg4 25. Qxg4 Qf7 26. Kh1 Qf5 27. Qxf5 gxf5 28. Ne1 Kf7 29. Nf3 Be7 30. Bd2 Rg8 31. Be1 Ba3 32. Rc2 Be7 33. h3 Bd8 34. Kh2 Be7 35. Bd2 Re8 36. Be3 Bb4 37. Kg2 Ba5 38. a3 Bd8 39. b4 Be7 40. Nd2 Bh4 41. Nf1 Rg8+ 42. Kf3 Rc8 43. Kg2 Re8 44. Kf3 Rg8 45. Rc5 Bd8 46. Rc3 Bb6 47. Rd3 Rc8 48. Nd2 Ne7 49. Nb3 Rc2 50. Nc5 Bxc5 51. bxc5 Rb2 52. Bd2 Nc6 53. Kg3 a5 54. Kh4 a4 55. Bc1 Rb1 56. Bd2 Rb3 57. Bc3 Rxa3 58. Rg3 Rb3 59. Kh5 a3 60. Kxh6 a2 0-1

[Event "Nordic Chess-ch 2019"]
[Site "Sarpsborg"]
[Date "2019.06.24"]
[Round "5.35"]
[White "Skogheim, Ole Morten"]
[Black "Kirppo, Ronny"]
[Result "0-1"]
[ECO "B35"]
[WhiteElo "1950"]
[BlackElo "1910"]
[Annotator "NA"]
[PlyCount "86"]
[EventDate "2019.06.21"]
[EventType "swiss"]
[EventCountry "NOR"]
[SourceTitle "playchess.com"]
[Source "ChessBase"]
[SourceQuality "1"]
[TimeControl "40/5400+30:1800+30"]

1. e4 c5 2. Nf3 Nc6 3. d4 cxd4 4. Nxd4 Nf6 5. Nc3 d6 6. Bc4 Bd7 7. h3 g6 8. Be3 Bg7 9. Qd2 O-O 10. f4 a6 11. a4 Nxd4 12. Bxd4 b5 13. Bd5 b4 14. Nd1 Nxd5 15. Bxg7 Kxg7 16. Qxd5 Qb6 17. Rf1 Rac8 18. Qd3 a5 19. Ne3 Qc5 20. b3 f5 21. O-O-O Be6 22. exf5 Bxf5 23. Nxf5+ Rxf5 24. Rd2 Qc3 25. Qxc3+ Rxc3 26. g4 Rfc5 27. h4 Rh3 28. f5 Rxh4 29. f6+ exf6 30. Rxd6 Rxg4 31. Rdxf6 h5 32. R6f2 Kh6 33. Kd2 Kg5 34. Rh2 h4 35. Ke3 Rc3+ 36. Kd2 h3 37. Rff2 Rf4 38. Re2 Kg4 39. Ke1 g5 40. Kd2 Rf1 41. Re5 Kg3 42. Rhe2 g4 43. Rh5 Rf2 0-1

[Event "Nordic Chess-ch 2019"]
[Site "Sarpsborg"]
[Date "2019.06.24"]
[Round "5.36"]
[White "Rukovci, Shemsi"]
[Black "Bergquist, Rune"]
[Result "1-0"]
[ECO "B11"]
[WhiteElo "1907"]
[BlackElo "1609"]
[Annotator "NA"]
[PlyCount "61"]
[EventDate "2019.06.21"]
[EventType "swiss"]
[EventCountry "NOR"]
[SourceTitle "playchess.com"]
[Source "ChessBase"]
[SourceQuality "1"]
[TimeControl "40/5400+30:1800+30"]

1. e4 c6 2. Nf3 d5 3. Nc3 Bg4 4. Be2 e6 5. d4 Nd7 6. O-O Qc7 7. Be3 Ne7 8. a3 Ng6 9. h3 Bxf3 10. Bxf3 Be7 11. e5 O-O 12. Ne2 c5 13. c3 Rac8 14. Rc1 Nb6 15. Nf4 Nxf4 16. Bxf4 c4 17. Bg4 Nd7 18. Rc2 Qd8 19. Bc1 Qb6 20. Qe2 Qd8 21. f4 Kh8 22. f5 exf5 23. Bxf5 Rc6 24. Qg4 Rc7 25. Rcf2 Qe8 26. Bxd7 Rxd7 27. Rxf7 Rxf7 28. Rxf7 g6 29. e6 Rd6 30. Bf4 Rb6 31. Be5+ 1-0

[Event "Nordic Chess-ch 2019"]
[Site "Sarpsborg"]
[Date "2019.06.24"]
[Round "5.37"]
[White "Andersen, Harry"]
[Black "Andersen, Odd"]
[Result "1-0"]
[ECO "C31"]
[WhiteElo "1905"]
[BlackElo "1751"]
[Annotator "NA"]
[PlyCount "153"]
[EventDate "2019.06.21"]
[EventType "swiss"]
[EventCountry "NOR"]
[SourceTitle "playchess.com"]
[Source "ChessBase"]
[SourceQuality "1"]
[TimeControl "40/5400+30:1800+30"]

1. e4 e5 2. f4 d5 3. exd5 Qxd5 4. Nc3 Qe6 5. fxe5 Qxe5+ 6. Qe2 Qxe2+ 7. Bxe2 c6 8. Nf3 Nf6 9. O-O Bd6 10. d4 h6 11. Bc4 O-O 12. Nh4 Be6 13. Bxe6 fxe6 14. Ng6 Re8 15. Bxh6 Kh7 16. Bf4 Bxf4 17. Nxf4 e5 18. dxe5 Rxe5 19. Rae1 Nbd7 20. Rxe5 Nxe5 21. Re1 Re8 22. Ne4 Nfd7 23. Re3 g6 24. Nd6 Rb8 25. Ne6 b6 26. Ne4 Re8 27. Nf6+ Nxf6 28. Rxe5 Kg8 29. h3 Nd5 30. Re4 Nb4 31. Rxb4 Rxe6 32. Rd4 Re7 33. Rd6 Re1+ 34. Kh2 Rb1 35. Rxg6+ Kf7 36. Rxc6 Rxb2 37. Rc7+ Kf6 38. Rxa7 Rxc2 39. Ra6 Kf5 40. Rxb6 Rxa2 41. h4 Kg4 42. Rb4+ Kh5 43. Kh3 Ra3+ 44. g3 Rc3 45. Rb5+ Kg6 46. Rg5+ Kh6 47. Rf5 Kg6 48. Rf4 Kh5 49. Rf8 Ra3 50. Rh8+ Kg6 51. Rc8 Kh5 52. Rc5+ Kg6 53. h5+ Kh6 54. Kh4 Ra4+ 55. g4 Rd4 56. Rc6+ Kg7 57. h6+ Kh7 58. Kh5 Rd5+ 59. g5 Ra5 60. Rc7+ Kg8 61. Re7 Rb5 62. Kg6 Rb6+ 63. Kf5 Rb5+ 64. Kf6 Rb6+ 65. Re6 Rb8 66. g6 Rf8+ 67. Ke7 Rf1 68. Rd6 Re1+ 69. Kf6 Rf1+ 70. Ke5 Re1+ 71. Kf4 Rf1+ 72. Ke3 Re1+ 73. Kd2 Re8 74. Kd3 Kf8 75. Rd7 Kg8 76. Kd4 Kf8 77. h7 1-0

[Event "Nordic Chess-ch 2019"]
[Site "Sarpsborg"]
[Date "2019.06.24"]
[Round "5.38"]
[White "Stubrud, Jan Magne"]
[Black "Mirza, Raad"]
[Result "0-1"]
[ECO "D02"]
[WhiteElo "1681"]
[BlackElo "1991"]
[Annotator "NA"]
[PlyCount "148"]
[EventDate "2019.06.21"]
[EventType "swiss"]
[EventCountry "NOR"]
[SourceTitle "playchess.com"]
[Source "ChessBase"]
[SourceQuality "1"]
[TimeControl "40/5400+30:1800+30"]

1. d4 d5 2. Bf4 Bf5 3. e3 e6 4. Nf3 Bd6 5. Bg3 Nf6 6. Nbd2 Bg4 7. Be2 O-O 8. Ne5 Bf5 9. Bh4 Be7 10. g4 Be4 11. Bf3 Bxf3 12. Qxf3 Nxg4 13. Nxg4 Bxh4 14. Rg1 f5 15. Ne5 Bf6 16. Qg3 Nd7 17. Ndf3 Qe7 18. O-O-O c5 19. h4 cxd4 20. exd4 Rac8 21. h5 Bxe5 22. dxe5 Rc4 23. Rd4 f4 24. Qh3 Nxe5 25. Rxc4 Nxc4 26. h6 g6 27. Nh4 Rf6 28. Qc3 e5 29. b3 Qa3+ 30. Kd1 Qa5 31. b4 Qa3 32. Qxa3 Nxa3 33. Nf3 Nc4 34. Ke2 e4 35. Nd4 f3+ 36. Ke1 Ra6 37. Rg5 Rxa2 38. Nb3 Rb2 39. Rxd5 Rb1+ 40. Rd1 Rxd1+ 41. Kxd1 g5 42. Nc5 e3 43. fxe3 Nxe3+ 44. Ke1 Nxc2+ 45. Kf2 Nxb4 46. Ne4 g4 47. Nf6+ Kf7 48. Nxg4 Kg6 49. Kxf3 Kg5 50. Ne5 Kxh6 51. Ke4 Kg7 52. Nc4 h5 53. Nd6 b6 54. Nc8 Nc6 55. Kf5 Kf7 56. Nd6+ Ke7 57. Ne4 b5 58. Nc3 b4 59. Nd5+ Kd6 60. Ke4 Kc5 61. Ne3 h4 62. Kd3 h3 63. Nf1 Ne5+ 64. Kc2 Nf3 65. Kd3 h2 66. Ng3 Ne5+ 67. Kc2 Kc4 68. Kb2 a5 69. Kc2 a4 70. Kb2 Kd3 71. Nh1 Nc4+ 72. Kb1 b3 73. Ka1 Kc2 74. Nf2 b2+ 0-1

[Event "Nordic Chess-ch 2019"]
[Site "Sarpsborg"]
[Date "2019.06.24"]
[Round "5.40"]
[White "Eriksen, Oddvar"]
[Black "Sather, Lars"]
[Result "1-0"]
[ECO "A43"]
[WhiteElo "1520"]
[BlackElo "1730"]
[Annotator "NA"]
[PlyCount "161"]
[EventDate "2019.06.21"]
[EventType "swiss"]
[EventCountry "NOR"]
[SourceTitle "playchess.com"]
[Source "ChessBase"]
[SourceQuality "1"]
[TimeControl "40/5400+30:1800+30"]

1. e4 e6 2. d4 c5 3. d5 exd5 4. Qxd5 Nf6 5. Bg5 Nxd5 6. Bxd8 Nb4 7. Bg5 Nxc2+ 8. Kd1 Nxa1 9. Nc3 Nc6 10. Nd5 f6 11. Bf4 Kd8 12. Bc7+ Ke8 13. Bg3 d6 14. Nc7+ Kd8 15. Nxa8 Nd4 16. Bd3 Be6 17. b3 b5 18. Ne2 Nc6 19. Bxb5 Nb4 20. Kd2 Nac2 21. a3 Nxa3 22. Ba4 Kc8 23. Nf4 Bf7 24. Re1 Kb7 25. Nd5 Nac2 26. Nac7 Nxe1 27. Kxe1 Nxd5 28. Nxd5 Bxd5 29. exd5 Be7 30. Kd2 g5 31. Ke3 f5 32. f4 h6 33. Be1 Bf6 34. g3 Rh7 35. Kd3 Rg7 36. Bd2 Re7 37. Ba5 Re4 38. Bc6+ Kc8 39. Bd2 Rb4 40. Bxb4 cxb4 41. Kc4 a5 42. Be8 gxf4 43. gxf4 Bd8 44. Bg6 Kb7 45. Bxf5 Kb6 46. Bc2 Bf6 47. Kd3 Kc5 48. Ke4 Bh4 49. h3 Bg3 50. f5 Be5 51. h4 Bf6 52. h5 Kb6 53. Kd3 Kc5 54. Ke4 Bd8 55. Bd1 a4 56. bxa4 Kc4 57. a5 Bxa5 58. f6 Bd8 59. f7 Be7 60. Be2+ Kc3 61. Bd3 Kb2 62. Kf5 Kc3 63. Be4 b3 64. Ke6 Bf8 65. Bb1 Kd4 66. Bg6 b2 67. Bb1 Kc5 68. Ba2 Kd4 69. Kd7 b1=Q 70. Bxb1 Kxd5 71. Ke8 Bg7 72. f8=Q Bxf8 73. Kxf8 Ke6 74. Kg7 d5 75. Bg6 d4 76. Kxh6 Ke7 77. Kh7 Kf8 78. h6 d3 79. Bxd3 Kf7 80. Bc4+ Kf8 81. Kg6 1-0

[Event "Nordic Chess-ch 2019"]
[Site "Sarpsborg"]
[Date "2019.06.24"]
[Round "5.41"]
[White "Heikkila, Raine"]
[Black "Thorvlaksson, Baldvin"]
[Result "0-1"]
[ECO "A45"]
[WhiteElo "1663"]
[BlackElo "1523"]
[Annotator "NA"]
[PlyCount "93"]
[EventDate "2019.06.21"]
[EventType "swiss"]
[EventCountry "NOR"]
[SourceTitle "playchess.com"]
[Source "ChessBase"]
[SourceQuality "1"]
[TimeControl "40/5400+30:1800+30"]

1. d4 Nf6 2. Nc3 e6 3. a3 d5 4. Bg5 c5 5. e3 Nc6 6. Nf3 Bd6 7. h3 O-O 8. Qd2 a6 9. Bd3 b6 10. Bh4 c4 11. Be2 Bb7 12. O-O Ne7 13. Ne5 Nd7 14. f4 f6 15. Nf3 Ng6 16. Bg3 Qc7 17. Nh2 f5 18. Nf3 b5 19. Na2 Nf6 20. Qe1 Ne4 21. Bh2 Bc6 22. c3 a5 23. Bd1 Rfb8 24. Bc2 Rb7 25. Bxe4 dxe4 26. Ng5 Qe7 27. h4 h6 28. h5 Nxf4 29. exf4 hxg5 30. fxg5 Bxh2+ 31. Kxh2 Qxg5 32. Qe2 Be8 33. Rh1 Bxh5 34. Qe1 Kf7 35. Qg3 Qxg3+ 36. Kxg3 Rh8 37. Kf4 Kf6 38. g3 g5+ 39. Ke3 Rbh7 40. Raf1 Bf3 41. Rxh7 Rxh7 42. Nc1 Rh2 43. Rf2 f4+ 44. gxf4 gxf4+ 45. Kxf4 Rxf2 46. b4 cxb3 47. Nxb3 {[%emt 0:00:30] Ke5+} 0-1

[Event "Nordic Chess-ch 2019"]
[Site "Sarpsborg"]
[Date "2019.06.24"]
[Round "5.42"]
[White "Lilleng, Gunnar"]
[Black "Stabbetorp, Hans"]
[Result "0-1"]
[ECO "D02"]
[WhiteElo "1485"]
[BlackElo "1767"]
[Annotator "NA"]
[PlyCount "140"]
[EventDate "2019.06.21"]
[EventType "swiss"]
[EventCountry "NOR"]
[SourceTitle "playchess.com"]
[Source "ChessBase"]
[SourceQuality "1"]
[TimeControl "40/5400+30:1800+30"]

1. d4 d5 2. c3 Nf6 3. Bg5 e6 4. Nf3 h6 5. Bh4 Be7 6. Nbd2 Nbd7 7. e3 c5 8. dxc5 Bxc5 9. Bd3 O-O 10. O-O b6 11. e4 dxe4 12. Nxe4 Be7 13. Nxf6+ Bxf6 14. Bxf6 Qxf6 15. Qe2 Nc5 16. Rfe1 Bb7 17. Bc2 Bxf3 18. Qxf3 Qxf3 19. gxf3 Rad8 20. Rad1 g5 21. Kf1 Kg7 22. Rxd8 Rxd8 23. Ke2 Rd5 24. Rd1 Rxd1 25. Bxd1 Kg6 26. Ke3 e5 27. Bc2+ Kh5 28. b4 Nb7 29. Ke4 Kg6 30. Kxe5+ Kg7 31. Kd5 Nd8 32. Bf5 Kf6 33. Bc8 Ke7 34. a4 f6 35. c4 Nf7 36. c5 bxc5 37. Kxc5 Kd8 38. Bb7 Kc7 39. Ba8 Kb8 40. Bd5 Ne5 41. Kd4 Kc7 42. b5 Kb6 43. Ke4 Kc5 44. Bb3 Kb4 45. Bd1 Nc4 46. Kf5 Nb2 47. Be2 Nxa4 48. Kxf6 Nc3 49. Bd3 Nxb5 50. Kg6 a5 51. Be4 a4 52. Bd5 Nd4 53. Kxh6 a3 54. Kxg5 Nb3 55. h4 a2 56. h5 a1=Q 57. Be4 Qg7+ 58. Bg6 Nd4 59. f4 Ne6+ 60. Kg4 Qh6 61. f5 Qg5+ 62. Kf3 Ng7 63. Ke4 Nxh5 64. Bxh5 Qxh5 65. f6 Qf7 66. Ke5 Kc5 67. f4 Qe8+ 68. Kf5 Kd6 69. Kg5 Ke6 70. f5+ Ke5 0-1

[Event "Nordic Chess-ch 2019"]
[Site "Sarpsborg"]
[Date "2019.06.24"]
[Round "6.5"]
[White "Holm, Kristian Stuvik"]
[Black "Cederstam Barsk, Carl"]
[Result "1-0"]
[ECO "B01"]
[WhiteElo "2474"]
[BlackElo "2334"]
[Annotator "ChessBase"]
[PlyCount "79"]
[EventDate "2019.06.21"]
[EventType "swiss"]
[EventCountry "NOR"]
[SourceTitle "playchess.com"]
[Source "ChessBase"]
[SourceQuality "1"]
[TimeControl "40/5400+30:1800+30"]

1. e4 d5 2. exd5 Qxd5 3. Nc3 Qd8 4. d4 Nf6 5. Nf3 g6 6. Bc4 Bg7 7. O-O O-O 8. h3 Nc6 9. Re1 b6 10. a3 Bb7 11. Bg5 h6 12. Bf4 e6 13. Qd3 Ne7 14. Rad1 Ned5 15. Nxd5 Nxd5 16. Bg3 Qc8 17. Ba2 Ne7 18. Be5 c5 19. dxc5 Bxf3 20. Qxf3 Qxc5 21. Bd6 Qg5 22. c3 Rfe8 23. Qf4 Qb5 24. Qb4 Qd7 25. Be5 Qb7 26. Bxg7 Nc6 27. Qe4 Kxg7 28. Rd6 Rac8 29. Red1 Re7 30. Qd3 Rcc7 31. b4 Qc8 32. c4 Qh8 33. Qe4 Qc8 34. Qd3 e5 35. Qd5 g5 36. Bb1 Re6 37. Qe4 Kf8 38. Qh7 Nd4 39. Bf5 Ke7 40. Bxe6 1-0

[Event "Nordic Chess-ch 2019"]
[Site "Sarpsborg"]
[Date "2019.06.24"]
[Round "6.6"]
[White "Vestby-Ellingsen, Mads"]
[Black "Ogaard, Leif"]
[Result "1-0"]
[ECO "D32"]
[WhiteElo "2345"]
[BlackElo "2385"]
[Annotator "NA"]
[PlyCount "49"]
[EventDate "2019.06.21"]
[EventType "swiss"]
[EventCountry "NOR"]
[SourceTitle "playchess.com"]
[Source "ChessBase"]
[SourceQuality "1"]
[TimeControl "40/5400+30:1800+30"]

1. d4 d5 2. c4 e6 3. Nc3 c5 4. cxd5 exd5 5. Nf3 Nc6 6. dxc5 d4 7. Na4 Bxc5 8. Nxc5 Qa5+ 9. Bd2 Qxc5 10. Rc1 Qb6 11. e3 Nge7 12. Bc4 O-O 13. Nxd4 Nxd4 14. exd4 Qxb2 15. Bc3 Qa3 16. O-O Qd6 17. d5 b5 18. Bb3 a5 19. Re1 Bd7 20. Be5 Qb4 21. Rc7 Rad8 22. a3 Qxa3 23. d6 Ng6 24. Bc3 a4 25. Qd4 1-0

[Event "Nordic Chess-ch 2019"]
[Site "Sarpsborg"]
[Date "2019.06.24"]
[Round "6.7"]
[White "Tryggestad, Andreas Garberg"]
[Black "Lindgren, Philip"]
[Result "1-0"]
[ECO "E01"]
[WhiteElo "2324"]
[BlackElo "2384"]
[Annotator "NA"]
[PlyCount "55"]
[EventDate "2019.06.21"]
[EventType "swiss"]
[EventCountry "NOR"]
[SourceTitle "playchess.com"]
[Source "ChessBase"]
[SourceQuality "1"]
[TimeControl "40/5400+30:1800+30"]

1. d4 Nf6 2. c4 e6 3. Nf3 d5 4. Nc3 c6 5. g3 dxc4 6. Bg2 Nbd7 7. O-O b5 8. e4 Bb7 9. e5 Nd5 10. Ng5 Be7 11. Qh5 g6 12. Qh6 Bf8 13. Qh3 Nxc3 14. bxc3 Be7 15. Ne4 Qc7 16. a4 a6 17. Bg5 Bxg5 18. Nxg5 Nb6 19. Ne4 O-O-O 20. axb5 axb5 21. Ra7 Kb8 22. Rfa1 Nc8 23. R7a3 Rd5 24. Qh6 Qe7 25. Qe3 Nb6 26. Nf6 Rdd8 27. d5 Nxd5 28. Bxd5 1-0

[Event "Nordic Chess-ch 2019"]
[Site "Sarpsborg"]
[Date "2019.06.24"]
[Round "6.9"]
[White "Getz, Nicolai"]
[Black "Blauhut, Holger"]
[Result "1-0"]
[ECO "D30"]
[WhiteElo "2380"]
[BlackElo "2041"]
[Annotator "NA"]
[PlyCount "89"]
[EventDate "2019.06.21"]
[EventType "swiss"]
[EventCountry "NOR"]
[SourceTitle "playchess.com"]
[Source "ChessBase"]
[SourceQuality "1"]
[TimeControl "40/5400+30:1800+30"]

1. Nf3 d5 2. g3 Nf6 3. Bg2 e6 4. O-O Be7 5. b3 O-O 6. Bb2 c5 7. c4 Nc6 8. cxd5 exd5 9. d4 b6 10. Nc3 Be6 11. Rc1 Rc8 12. dxc5 bxc5 13. Ng5 d4 14. Nxe6 fxe6 15. Na4 Nb4 16. a3 Nbd5 17. Qd3 Nb6 18. Qa6 Qd7 19. Nxb6 axb6 20. b4 Qd6 21. Bh3 Ra8 22. bxc5 bxc5 23. Bxe6+ Kh8 24. Qxd6 Bxd6 25. Rc2 Rfb8 26. Rd1 Ra6 27. Bc4 Rab6 28. Ba1 Ng4 29. a4 Rf8 30. e3 dxe3 31. f4 Be7 32. Be2 Nf2 33. Re1 Rd8 34. Bc3 Rbd6 35. a5 Ne4 36. a6 Nxc3 37. Rxc3 Bf6 38. Ra3 Ra8 39. a7 Rd7 40. Rb1 c4 41. Bf3 e2 42. Kg2 Rd2 43. Rb8+ Rd8 44. Rxd8+ Bxd8 45. Re3 1-0

[Event "Nordic Chess-ch 2019"]
[Site "Sarpsborg"]
[Date "2019.06.24"]
[Round "6.10"]
[White "Wahlund, Max"]
[Black "Rydstrom, Tom"]
[Result "0-1"]
[ECO "A04"]
[WhiteElo "2103"]
[BlackElo "2370"]
[Annotator "NA"]
[PlyCount "78"]
[EventDate "2019.06.21"]
[EventType "swiss"]
[EventCountry "NOR"]
[SourceTitle "playchess.com"]
[Source "ChessBase"]
[SourceQuality "1"]
[TimeControl "40/5400+30:1800+30"]

1. e4 c5 2. Nf3 e6 3. d3 Nc6 4. g3 g6 5. Bg2 Bg7 6. O-O Nge7 7. Nbd2 O-O 8. Re1 d6 9. c3 b5 10. Nf1 e5 11. Bg5 h6 12. Be3 b4 13. d4 bxc3 14. bxc3 Qa5 15. dxc5 dxc5 16. Qc1 Kh7 17. N1d2 Qc7 18. Bxc5 Rd8 19. Qa3 Be6 20. Bf1 Rd7 21. Bb5 Bf6 22. Nc4 Rad8 23. Kg2 g5 24. Qa4 g4 25. Ng1 Rd3 26. Re3 Bg5 27. Rxd3 Rxd3 28. Bxe7 Nxe7 29. Nxe5 Rxc3 30. Nd3 Rc2 31. Re1 Rxa2 32. Qd4 a6 33. Be8 Qc8 34. Ba4 Qc4 35. Qxc4 Bxc4 36. Nc5 Bd2 37. Rb1 Be3 38. Bb3 Rxf2+ 39. Kh1 Bf1 0-1

[Event "Nordic Chess-ch 2019"]
[Site "Sarpsborg"]
[Date "2019.06.24"]
[Round "6.11"]
[White "Ernst, Thomas"]
[Black "Rishovd, Svein"]
[Result "0-1"]
[ECO "B42"]
[WhiteElo "2342"]
[BlackElo "2113"]
[Annotator "NA"]
[PlyCount "76"]
[EventDate "2019.06.21"]
[EventType "swiss"]
[EventCountry "NOR"]
[SourceTitle "playchess.com"]
[Source "ChessBase"]
[SourceQuality "1"]
[TimeControl "40/5400+30:1800+30"]

1. e4 c5 2. Nf3 e6 3. d4 cxd4 4. Nxd4 a6 5. Bd3 g6 6. O-O Bg7 7. c3 Ne7 8. Nd2 O-O 9. N2f3 d6 10. Bg5 e5 11. Nb3 Be6 12. Qd2 Qc7 13. Bh6 f6 14. Be3 d5 15. Nc5 Bf7 16. Qc2 b6 17. Na4 Nd7 18. b4 f5 19. Bg5 Bf6 20. Bxf6 Nxf6 21. Nxe5 Qxe5 22. exf5 Nxf5 23. Nxb6 Ng4 24. g3 Nfe3 25. Qe2 Nxf1 26. Qxg4 Be6 27. Qe2 Qxe2 28. Bxe2 Rab8 29. Na4 Nd2 30. Nc5 Rb6 31. Bxa6 Bh3 32. Rd1 Nf3+ 33. Kh1 d4 34. cxd4 Rxb4 35. d5 Rd8 36. Be2 Nd4 37. a3 Rb2 38. Bc4 Rc2 0-1

[Event "Nordic Chess-ch 2019"]
[Site "Sarpsborg"]
[Date "2019.06.24"]
[Round "6.12"]
[White "Altarbosh, Ward"]
[Black "Tunsjo, Axel"]
[Result "1/2-1/2"]
[ECO "B48"]
[WhiteElo "2250"]
[BlackElo "2002"]
[Annotator "NA"]
[PlyCount "59"]
[EventDate "2019.06.21"]
[EventType "swiss"]
[EventCountry "NOR"]
[SourceTitle "playchess.com"]
[Source "ChessBase"]
[SourceQuality "1"]
[TimeControl "40/5400+30:1800+30"]

1. e4 c5 2. Nf3 e6 3. d4 cxd4 4. Nxd4 Nc6 5. Nc3 Qc7 6. Be3 a6 7. Qd2 Nf6 8. O-O-O Be7 9. f4 b5 10. e5 b4 11. exf6 bxc3 12. Qxc3 Bxf6 13. Qc4 Bb7 14. Nb3 O-O 15. Bc5 d5 16. Qa4 Rfc8 17. Bd3 Rab8 18. g4 Nd4 19. Bxd4 Bc6 20. Qa3 Qxf4+ 21. Kb1 Rxb3 22. Qxb3 Bxd4 23. Bxh7+ Kxh7 24. Qd3+ f5 25. Qxd4 Qxd4 26. Rxd4 e5 27. Rdd1 f4 28. c3 Kg6 29. Kc2 Rf8 30. Kd2 1/2-1/2

[Event "Nordic Chess-ch 2019"]
[Site "Sarpsborg"]
[Date "2019.06.24"]
[Round "6.13"]
[White "Nilsen, Tobias Lang"]
[Black "Sjoberg, Isak"]
[Result "1/2-1/2"]
[ECO "C89"]
[WhiteElo "1986"]
[BlackElo "2222"]
[Annotator "NA"]
[PlyCount "54"]
[EventDate "2019.06.21"]
[EventType "swiss"]
[EventCountry "NOR"]
[SourceTitle "playchess.com"]
[Source "ChessBase"]
[SourceQuality "1"]
[TimeControl "40/5400+30:1800+30"]

1. e4 e5 2. Nf3 Nc6 3. Bb5 a6 4. Ba4 Nf6 5. O-O Be7 6. Re1 b5 7. Bb3 O-O 8. c3 d5 9. exd5 Nxd5 10. Nxe5 Nxe5 11. Rxe5 c6 12. d3 Bd6 13. Re1 Qh4 14. g3 Qh3 15. Re4 Qf5 16. Nd2 Qg6 17. Re1 f5 18. a4 f4 19. Ne4 Bg4 20. Qd2 Rae8 21. axb5 fxg3 22. fxg3 axb5 23. Nxd6 Qxd6 24. Rxe8 Rxe8 25. Qf2 Kh8 26. Bxd5 Qxd5 27. Be3 Kg8 1/2-1/2

[Event "Nordic Chess-ch 2019"]
[Site "Sarpsborg"]
[Date "2019.06.24"]
[Round "6.14"]
[White "Haugli, Petter"]
[Black "Kristiansen, Rune Harald"]
[Result "1-0"]
[ECO "A40"]
[WhiteElo "2223"]
[BlackElo "1849"]
[Annotator "NA"]
[PlyCount "53"]
[EventDate "2019.06.21"]
[EventType "swiss"]
[EventCountry "NOR"]
[SourceTitle "playchess.com"]
[Source "ChessBase"]
[SourceQuality "1"]
[TimeControl "40/5400+30:1800+30"]

1. c4 e6 2. Nc3 b6 3. e4 Bb7 4. d4 Bb4 5. f3 Bxc3+ 6. bxc3 d6 7. Bd3 Nd7 8. Ne2 Qh4+ 9. g3 Qe7 10. O-O h5 11. Be3 e5 12. Qd2 f6 13. a4 a5 14. Nc1 h4 15. g4 g5 16. c5 dxc5 17. Nb3 Qf7 18. Qe2 Qxb3 19. Bc4 Ba6 20. Bxa6 Rxa6 21. Qxa6 Qxc3 22. Rfe1 exd4 23. Qc8+ Ke7 24. Qxc7 h3 25. e5 Qc2 26. Bf2 fxe5 27. Rxe5+ 1-0

[Event "Nordic Chess-ch 2019"]
[Site "Sarpsborg"]
[Date "2019.06.24"]
[Round "6.15"]
[White "Abdrlauf, Elham"]
[Black "Unneland, Mathias"]
[Result "1-0"]
[ECO "E81"]
[WhiteElo "2207"]
[BlackElo "1980"]
[Annotator "NA"]
[PlyCount "71"]
[EventDate "2019.06.21"]
[EventType "swiss"]
[EventCountry "NOR"]
[SourceTitle "playchess.com"]
[Source "ChessBase"]
[SourceQuality "1"]
[TimeControl "40/5400+30:1800+30"]

1. d4 Nf6 2. c4 g6 3. f3 Bg7 4. e4 d6 5. Be3 O-O 6. Nc3 Nbd7 7. Qd2 c5 8. Nge2 a6 9. d5 Rb8 10. Ng3 h5 11. Be2 Re8 12. O-O e6 13. a4 exd5 14. cxd5 Qc7 15. Rac1 Qa5 16. Ra1 Kh7 17. h3 Qc7 18. Nh1 c4 19. Nf2 b5 20. axb5 axb5 21. Ra7 Qd8 22. g4 Re7 23. g5 Ne8 24. f4 Nc7 25. e5 Nxe5 26. fxe5 Bxe5 27. Nce4 Bb7 28. Bf3 b4 29. Nf6+ Kg7 30. Bd4 Nb5 31. Bxe5 Rxe5 32. Raa1 c3 33. bxc3 bxc3 34. Qf4 Rf5 35. Qe3 Rc8 36. Be4 1-0